AoeStats
← RenaultEspace4Life

Arena

505296816Analyzed
4v4 RM · 23d ago on Sep 8, 2026· 81m 17s· 8 players
Game mode
Random Map
Map size
Large (8 player)
Population
200
Speed
Normal
Resources
Standard
Victory
Conquest
Starting age
Dark Age
Ending age
Imperial Age
RankedLock teamsTeams togetherTeam positionsShared explorationLock speedFull tech treeHidden civsTurbo modeCheats
Victory
Defeat
🇳🇱 Saracens · Netherlands
1080
+14
🇫🇷 Britons · France
1047
+15
🇦🇷 Maya · Argentina
1025
+16
🇬🇧 Vikings · United Kingdom
963
+20
🇨🇳 Britons · China
1066
-18
🇷🇴 Tupi · Romania
1037
-16
🇭🇰 Franks · Hong Kong SAR China
1016
-16
🇨🇳 Huns · China
993
-15
1390003218
9:48 Feudal Age
14:55 Castle Age
13:34 Double-Bit Axe
14:13 Horse Collar
28:54 Imperial Age
28:40 Ballistics
28:31 Fortified Wall
29:13 Wheelbarrow
29:00 Loom
29:01 Town Watch
29:13 Fletching
29:24 Padded Archer Armor
29:59 Bodkin Arrow
30:06 Scale Mail Armor
29:31 Elite Skirmisher
30:42 Conscription
30:27 Town Patrol
30:43 Hand Cart
32:03 Chemistry
31:30 Leather Archer Armor
31:42 Yeomen
31:57 Bow Saw
33:15 Hoardings
33:17 Warwolf
33:54 Chain Mail Armor
35:08 Chain Mail Armor
35:24 Ring Archer Armor
34:55 Bracer
35:39 Elite Longbowman
37:01 Plate Mail Armor
37:25 Forging
51:33 Caravan
80:47 Squires
80:35 Arson
TranceAddict95
1:03 Loom
11:18 Feudal Age
17:52 Castle Age
16:23 Double-Bit Axe
17:46 Fletching
19:11 Crossbowman
20:12 Padded Archer Armor
22:00 Squires
23:35 Leather Archer Armor
24:48 Town Watch
26:07 Wheelbarrow
25:01 Elite Skirmisher
26:22 Scale Mail Armor
27:29 Bow Saw
27:07 Horse Collar
30:01 Hand Cart
30:35 Champi Runner
33:24 Heavy Plow
34:04 Ballistics
33:41 Murder Holes
34:02 Champi Warrior
38:30 Imperial Age
38:34 Bodkin Arrow
38:57 Chain Mail Armor
38:52 Forging
39:08 Caciques
39:17 Gold Mining
39:17 Stone Mining
40:37 Chemistry
40:29 Bracer
41:03 Ring Archer Armor
42:06 Plate Mail Armor
42:16 Conscription
42:15 Treadmill Crane
42:28 Guard Tower
42:27 Elite Blackwood Archer
49:30 Keep
48:43 Arrowslits
50:18 Gold Shaft Mining
50:00 Forging
49:15 Elite Champi Warrior
51:03 Treadmill Crane
51:21 Heated Shot
54:14 Arson
55:10 Iron Casting
54:48 Caravan
55:33 Pikeman
56:49 Halberdier
59:47 Hoardings
69:57 Capped Ram
2487664814
2:42 Loom
13:54 Feudal Age
15:22 Double-Bit Axe
20:06 Castle Age
19:16 Scale Barding Armor
19:08 Stone Mining
19:12 Gold Mining
21:23 Wheelbarrow
22:03 Bow Saw
28:49 Gold Shaft Mining
30:23 Hand Cart
32:45 Imperial Age
30:51 Hand Cart
31:36 Forging
32:55 Iron Casting
32:43 Chain Barding Armor
32:30 Town Watch
32:51 Cavalier
34:09 Plate Barding Armor
32:57 Light Cavalry
33:47 Husbandry
34:29 Chivalry
34:50 Conscription
36:17 Blast Furnace
34:42 Paladin
44:43 Blast Furnace
43:34 Fletching
46:41 Bodkin Arrow
46:49 Padded Archer Armor
49:49 Elite Skirmisher
50:38 Scale Mail Armor
50:56 Leather Archer Armor
52:16 Crossbowman
60:35 Chemistry
59:56 Ballistics
61:17 Caravan
66:06 Pikeman
66:50 Squires
66:39 Arson
67:36 Chain Mail Armor
67:45 Gambesons
67:42 Halberdier
69:01 Heavy Cavalry Archer
71:47 Man-at-Arms
73:28 Plate Mail Armor
73:49 Long Swordsman
74:22 Two-Handed Swordsman
76:18 Champion
xiaosheshe
10:43 Feudal Age
15:01 Castle Age
13:28 Double-Bit Axe
15:03 Horse Collar
23:23 Bow Saw
23:28 Heavy Plow
26:45 Gold Mining
28:01 Gold Shaft Mining
31:26 Imperial Age
31:36 Imperial Age
29:46 Wheelbarrow
28:57 Loom
28:57 Town Watch
28:57 Loom
28:57 Town Watch
30:24 Town Patrol
30:36 Forging
30:32 Scale Barding Armor
30:31 Marauders
31:41 Bloodlines
31:31 Husbandry
31:41 Bloodlines
31:32 Husbandry
32:18 Iron Casting
32:17 Hand Cart
33:21 Chain Barding Armor
32:39 Elite Tarkan
34:51 Two-Man Saw
34:56 Blast Furnace
33:49 Fletching
37:36 Conscription
37:15 Bodkin Arrow
38:00 Plate Barding Armor
39:32 Thumb Ring
39:52 Parthian Tactics
39:32 Thumb Ring
39:52 Parthian Tactics
38:49 Heavy Cavalry Archer
40:01 Parthian Tactics
38:57 Heavy Cavalry Archer
52:04 Stone Mining
52:55 Bodkin Arrow
53:00 Padded Archer Armor
52:50 Light Cavalry
53:57 Hussar
56:54 Chemistry
56:15 Ballistics
56:10 Caravan
56:40 Coinage
56:20 Guilds
56:40 Coinage
56:26 Guilds
56:50 Bracer
57:23 Leather Archer Armor
60:30 Banking
66:32 Scale Mail Armor
66:46 Masonry
79:37 Squires
80:25 Murder Holes
Big Joey
10:43 Feudal Age
14:55 Castle Age
12:52 Horse Collar
13:25 Double-Bit Axe
17:20 Bow Saw
22:17 Wheelbarrow
22:29 Gold Mining
22:30 Stone Mining
23:42 Hand Cart
23:13 Loom
23:14 Town Watch
23:38 Scale Barding Armor
24:55 Gold Shaft Mining
25:51 Forging
26:02 Chain Barding Armor
29:29 Imperial Age
27:37 Treadmill Crane
28:09 Fortified Wall
28:10 Masonry
28:24 Ballistics
28:16 Masonry
28:02 Murder Holes
28:37 Bloodlines
28:28 Husbandry
30:31 Conscription
31:17 Plate Barding Armor
31:18 Iron Casting
32:15 Bimaristan
33:36 Counterweights
34:45 Chemistry
34:54 Two-Man Saw
33:45 Elite Mameluke
34:41 Town Patrol
36:15 Blast Furnace
35:05 Fletching
37:36 Onager
39:05 Coinage
37:58 Pikeman
38:24 Arson
42:21 Bodkin Arrow
45:01 Banking
48:44 Bracer
48:45 Scale Mail Armor
48:46 Padded Archer Armor
48:55 Light Cavalry
51:27 Siege Onager
52:38 Hussar
57:02 Chain Mail Armor
60:30 Siege Engineers
RenaultEspace4Life
9:32 Feudal Age
16:40 Castle Age
17:49 Double-Bit Axe
17:46 Horse Collar
20:08 Loom
22:01 Town Watch
23:14 Bow Saw
23:06 Heavy Plow
28:55 Imperial Age
26:39 Fletching
27:31 Ballistics
27:23 Masonry
27:24 Fortified Wall
27:32 Treadmill Crane
27:48 Murder Holes
28:07 Scale Mail Armor
28:08 Padded Archer Armor
28:55 Squires
28:15 Pikeman
28:41 Arson
29:26 Stone Mining
29:29 Gold Mining
30:33 Crop Rotation
31:14 Two-Man Saw
32:05 Gold Shaft Mining
32:04 Town Patrol
32:22 Chain Mail Armor
32:22 Leather Archer Armor
32:18 Forging
31:59 Gambesons
31:35 Man-at-Arms
33:59 Plate Mail Armor
33:24 Bodkin Arrow
34:03 Architecture
33:32 Capped Ram
33:42 Long Swordsman
35:28 Ring Archer Armor
35:33 Iron Casting
35:07 Siege Ram
36:44 Chieftains
37:04 Two-Handed Swordsman
40:04 Conscription
39:46 Bogsveigar
40:10 Champion
43:46 Hoardings
43:27 Bracer
44:28 Blast Furnace
43:32 Bracer
44:20 Elite Berserk
48:56 Chemistry
48:21 Heavy Scorpion
53:41 Scale Barding Armor
56:57 Sappers
58:33 Coinage
59:06 Caravan
67:52 Banking
BBC Enjoyer
11:18 Feudal Age
12:06 Horse Collar
15:35 Castle Age
14:20 Double-Bit Axe
16:54 Bow Saw
18:15 Heavy Plow
22:42 Gold Mining
24:06 Wheelbarrow
23:19 Loom
24:45 Gold Shaft Mining
26:14 Fletching
26:31 Padded Archer Armor
29:56 Imperial Age
27:27 Bodkin Arrow
28:53 Hand Cart
28:56 Leather Archer Armor
30:53 Bracer
31:24 Ring Archer Armor
32:01 Chemistry
31:22 Ballistics
32:28 Two-Man Saw
31:44 Forging
31:34 Scale Mail Armor
32:17 Elite Longbowman
33:19 Yeomen
33:55 Town Watch
35:13 Conscription
36:18 Pikeman
36:58 Squires
36:44 Arson
37:27 Onager
37:39 Halberdier
39:26 Iron Casting
39:07 Chain Mail Armor
41:19 Warwolf
51:07 Elite Skirmisher
55:49 Blast Furnace
55:20 Plate Mail Armor
merascolanariz
11:10 Feudal Age
15:03 Castle Age
13:25 Double-Bit Axe
14:13 Gold Mining
16:57 Stone Mining
18:47 Stone Shaft Mining
18:21 Town Watch
18:26 Loom
18:58 Bow Saw
19:56 Horse Collar
21:11 Heavy Plow
21:44 Fletching
21:28 Elite Skirmisher
22:34 Padded Archer Armor
23:55 Fortified Wall
25:52 Ballistics
26:45 Thumb Ring
26:46 Bodkin Arrow
27:07 Leather Archer Armor
28:26 Wheelbarrow
28:41 Town Watch
30:02 Elite Skirmisher
35:00 Imperial Age
33:43 Hul'che Javelineers
35:27 Elite Plumed Archer
37:33 Two-Man Saw
37:32 Crop Rotation
40:05 Chemistry
40:38 Bracer
41:39 Hand Cart
43:17 Ring Archer Armor
43:57 Pikeman
44:38 Squires
44:43 Halberdier
45:24 Scale Mail Armor
45:35 Forging
47:48 Chain Mail Armor
66:03 Town Patrol
68:51 Eagle Warrior
70:03 Plate Mail Armor
70:09 Iron Casting
71:37 Coinage
74:59 Caravan
77:29 Capped Ram
78:25 Siege Ram
Connection lost

Rejoining the realm…

Still unreachable

The connection could not be restored.

Session expired

The server has moved on; the page needs a fresh start.